 Dungeon Crawl Stone Soup version 0.23.2-33-g5129a83184 (webtiles) character file.

Game seed: 1674740361689592657

207 DorianNounverber the Digger (level 5, -5/30 HPs)
             Began as a Gargoyle Earth Elementalist on July 13, 2019.
             Killed by nerve-wracking pain
             ... invoked by an orc priest
              (7 damage)
             ... on level 4 of the Dungeon.
             The game lasted 00:08:51 (3133 turns).

DorianNounverber the Digger (GrEE)                  Turns: 3133, Time: 00:08:52

Health: -5/30      AC:  7    Str: 11    XL:     5   Next: 85%
Magic:  0/9        EV: 12    Int: 17    God:
Gold:   136        SH:  0    Dex: 10    Spells: 2/10 levels left

rFire    . . .     SeeInvis .   t - +2 quarterstaff (chaos)
rCold    . . .     Gourm    .   (shield currently unavailable)
rNeg     + . .     Faith    .   c - +0 robe
rPois    ∞         Spirit   .   (no helmet)
rElec    +         Reflect  .   u - +0 cloak {rPois}
rCorr    .         Harm     .   (no gloves)
MR       .....                  (no boots)
Stlth    ++........             (no amulet)
HPRegen  0.10/turn              (no ring)
MPRegen  0.11/turn              (no ring)

@: very slightly contaminated
A: negative energy resistance 1, electricity resistance, unbreathing,
petrification resistance, rot immunity, AC +4
a: no special abilities


You were on level 4 of the Dungeon.
You were hungry.

You visited 1 branch of the dungeon, and saw 4 of its levels.

You collected 136 gold pieces.

Inventory:

Hand Weapons
 a - a +0 whip of flaming
 t - a +2 quarterstaff of chaos (weapon)
Missiles
 b - 35 stones (quivered)
 p - 6 javelins
Armour
 c - a +0 robe (worn)
 m - a +0 buckler
 u - a +0 cloak of poison resistance (worn)
Scrolls
 f - 2 scrolls of magic mapping {unknown}
 i - a scroll of enchant armour {unknown}
 j - a scroll of amnesia {unknown}
 l - a scroll of fog {unknown}
 n - a scroll of random uselessness {unknown}
 o - 2 scrolls of teleportation {unknown}
 q - a scroll of identify {unknown}
 r - a scroll of remove curse {unknown}
Potions
 e - a potion of flight {unknown}
 g - 2 potions of cancellation {unknown}
 h - a potion of ambrosia {unknown}
 k - a potion of curing {unknown}
 s - a potion of lignification {unknown}
 v - a potion of haste {unknown}
Comestibles
 d - 8 rations


   Skills:
 + Level 1.8 Fighting
 - Level 0.8(1.0) Maces & Flails
 + Level 0.7(1.0) Staves
 + Level 2.2 Dodging
 - Level 2.1 Stealth
 - Level 0.7 Shields
 - Level 0.1 Unarmed Combat
 * Level 3.3 Spellcasting
 + Level 0.1 Conjurations
 + Level 0.8 Transmutations
 * Level 5.1 Earth Magic


You had 2 spell levels left.
You knew the following spells:

 Your Spells              Type           Power        Failure   Level  Hunger
a - Sandblast             Erth           ###...       1%          1    None
b - Stone Arrow           Conj/Erth      ##....       17%         3    ###....
c - Petrify               Tmut/Erth      ##......     45%         4    ####...

Your spell library contained the following spells:

 Spells                   Type           Power        Failure   Level  Hunger
 Passwall                 Tmut/Erth      ##......     8%          2    ##.....
 Lee's Rapid Deconstruct  Erth           ###.......   50%         5    ######.


Dungeon Overview and Level Annotations

Branches:
Dungeon (4/15)
 Temple: D:4-7

Altars:
Trog
Uskayaw


Innate Abilities, Weirdness & Mutations

You are resistant to torment.
Your stone body is resilient. (AC +4)
You are immune to poison.
You resist negative energy. (rN+)
You are resistant to electric shocks. (rElec)
You can survive without breathing.
You are immune to petrification.
You are immune to rotting.


Message History

Casting: Sandblast (safe; 1% risk of failure)
Confirm with . or Enter, or press ? or * to list all spells.
Aiming: Sandblast (safe; 1% risk of failure)
Press: ? - help, Shift-Dir - straight line, f/p - orc priest
Aim: an orc priest, wielding a +0 hand axe and wearing a +0 leather armour (heavily wounded)
The blast of sand hits the orc priest.
The orc priest is almost dead.
b - 35 stones The orc priest invokes the aid of Beogh against you.
Beogh smites you!
* * * LOW HITPOINT WARNING * * *
The orc priest mumbles some strange prayers to Beogh against you.
Pain shoots through your body!
* * * LOW HITPOINT WARNING * * *
Casting: Sandblast (safe; 1% risk of failure)
Confirm with . or Enter, or press ? or * to list all spells.
You don't have enough magic to cast that spell.
The orc priest invokes the aid of Beogh against you.
Pain shoots through your body!
You die...

#.# #.# #.#
#.####### #.#
#.ho).o# #.#
#.#####o# #.# #.#
#.#
#.##############.#
#.@..............#
##################


You could see an orc priest and an orc wizard.

Vanquished Creatures
  An orc wizard (D:4)
  Crazy Yiuf (D:2)
  Terence (D:2)
  A worker ant (D:3)
  An adder (D:3)
  A worm (D:2)
  4 dart slugs
  2 leopard geckos
  6 orcs
  6 bats
  6 giant cockroaches
  12 goblins
  7 hobgoblins
  6 jackals
  3 kobolds
  A quokka (D:2)
  6 frilled lizards
  8 rats
73 creatures vanquished.

Notes
Turn   | Place    | Note
-------+----------+-------------------------------------------
     0 | D:1      | DorianNounverber the Gargoyle Earth Elementalist began the
                  | quest for the Orb.
     0 | D:1      | Reached XP level 1. HP: 10/10 MP: 3/3
   257 | D:1      | Reached XP level 2. HP: 15/15 MP: 5/5
   384 | D:1      | Reached skill level 4 in Earth Magic
   776 | D:1      | Reached XP level 3. HP: 20/20 MP: 6/6
  1440 | D:2      | Found a hide-covered altar of Uskayaw.
  1465 | D:2      | Noticed Terence
  1517 | D:2      | Reached skill level 1 in Fighting
  1545 | D:2      | Found a bloodstained altar of Trog.
  1867 | D:2      | Killed Terence
  1867 | D:2      | Reached XP level 4. HP: 19/25 MP: 1/8
  2052 | D:2      | Found a runed translucent door.
  2053 | D:2      | Noticed Crazy Yiuf
  2058 | D:2      | Killed Crazy Yiuf
  2136 | D:3      | Learned a level 3 spell: Stone Arrow
  2146 | D:3      | Reached XP level 5. HP: 19/29 MP: 7/9
  2202 | D:3      | Learned a level 4 spell: Petrify
  2618 | D:3      | Reached skill level 5 in Earth Magic
  3133 | D:4      | Killed from afar by an orc priest

Skill      XL: |  1  2  3  4  5 |
---------------+----------------+-----
Earth Magic    | 4 5 |  5.1
Fighting       | 1 |  1.8
Dodging        | 2 |  2.2
Spellcasting   | 3 |  3.3
Maces & Flails | |  0.8
Staves         | |  0.7
Stealth        | |  2.1
Shields        | |  0.7
Unarmed Combat | |  0.1
Conjurations   | |  0.1
Transmutations | |  0.8

Action                   |  1- 3 |  4- 6 || total
-------------------------+-------+-------++-------
Melee: Dagger            |    33 |       ||    33
       Unarmed           |    11 |       ||    11
       Mace              |    33 |       ||    33
       Whip              |    80 |    11 ||    91
       Quarterstaff      |       |    77 ||    77
 Cast: Sandblast         |    15 |    11 ||    26
       Stone Arrow       |       |     2 ||     2
 Stab: Sleeping          |     5 |     1 ||     6
  Eat: Chunk             |     3 |     4 ||     7
Armor: Robe              |    65 |    33 ||    98
Dodge: Dodged            |   125 |    49 ||   174
Block: Buckler           |    11 |     4 ||    15
